NWL (28 & UNDER)
BISMARCK BARONS @ MOOSE JAW GHOSTBUSTERS
06/03/2030
 
TOP OF THE 1ST
Bismarck Barons batting - Pitching for Moose Jaw Ghostbusters : RHP Ernesto Mendoza
Pitching: RHP Ernesto Mendoza
Batting: RHB Gary Roberts 0-0: TRIPLE (Line Drive, 7D)
Batting: RHB Felipe Domínguez 0-0: Swinging Strike
0-1: DOUBLE (Flyball, 78D)
Gary Roberts scores
Batting: LHB Paul Lee 0-0: Foul Ball, location: 2F
0-1: Fly out, F7 (Flyball, 7LM)
Batting: RHB Juan Martínez 0-0: Called Strike
0-1: Ball
1-1: Swinging Strike
1-2: Ball
2-2: Strikes out swinging
Batting: RHB Carlos García 0-0: Ball
1-0: Ball
2-0: Called Strike
2-1: Ball
3-1: Ground out 4-3 (Groundball, 4)
Top of the 1st over - 1 run, 2 hits, 0 errors, 1 left on base; Bismarck 1 - Moose Jaw 0
BOTTOM OF THE 1ST
Moose Jaw Ghostbusters batting - Pitching for Bismarck Barons : RHP Orsino Ortíz
Pitching: RHP Orsino Ortíz
Batting: SHB Lonnie Washington 0-0: Ball
1-0: Foul Ball, location: 2F
1-1: Ball
2-1: Ball
3-1: Swinging Strike
3-2: Foul Ball, location: 2F
3-2: Foul Ball, location: 2F
3-2: Base on Balls
Batting: RHB Bob Cole 0-0: Ball
1-0: Called Strike
Lonnie Washington steals 2nd base
1-1: Called Strike
1-2: Ground out 6-3 (Groundball, 6)
Lonnie Washington to third
Batting: RHB José Maldonado 0-0: Ball
1-0: Ball
2-0: SINGLE (Groundball, 4D)
Lonnie Washington scores
Batting: SHB Rafael Acosta 0-0: Called Strike
0-1: Foul Ball, location: 2F
0-2: Foul Ball, location: 2F
0-2: Foul Ball, location: 2F
0-2: Foul Ball, location: 2F
0-2: Ball
1-2: Strikes out swinging
Batting: RHB Preston Manning 0-0: Ball
1-0: Ball
2-0: Fly out, F7 (Flyball, 7LS)
Bottom of the 1st over - 1 run, 1 hit, 0 errors, 1 left on base; Bismarck 1 - Moose Jaw 1
TOP OF THE 2ND
Bismarck Barons batting - Pitching for Moose Jaw Ghostbusters : RHP Ernesto Mendoza
Batting: RHB Jonathan Reynolds 0-0: Ground out 6-3 (Groundball, 6)
Batting: LHB Lorenzo Vargas 0-0: Ground out 1-3 (Groundball, 13)
Batting: RHB Júlio Pinto 0-0: Ground out 5-3 (Groundball, 5)
Top of the 2nd over - 0 runs, 0 hits, 0 errors, 0 left on base; Bismarck 1 - Moose Jaw 1
BOTTOM OF THE 2ND
Moose Jaw Ghostbusters batting - Pitching for Bismarck Barons : RHP Orsino Ortíz
Batting: LHB Darren Holland 0-0: Ball
1-0: Ball
2-0: Called Strike
2-1: Foul Ball, location: 2F
2-2: Fly out, F8 (Flyball, 8RM)
Batting: RHB Scott McGuire 0-0: Fly out, F5 (Popup, 25)
Batting: RHB Ed Jackson 0-0: Ball
1-0: Foul Ball, location: 2F
1-1: Ball
2-1: Foul Ball, location: 2F
2-2: Ball
3-2: Base on Balls
Batting: RHB Andrew Weatherly 0-0: Ball
1-0: Ball
Ed Jackson steals 2nd base
2-0: Swinging Strike
2-1: Swinging Strike
2-2: SINGLE (Line Drive, 8RS)
Ed Jackson to third
Runner from 3rd tries for Home, SAFE, no throw
Batting: SHB Lonnie Washington 0-0: Ball
Andrew Weatherly steals 2nd base
1-0: Ball
2-0: Called Strike
2-1: Foul Ball, location: 2F
2-2: Fly out, F8 (Flyball, 8LXD)
Bottom of the 2nd over - 1 run, 1 hit, 0 errors, 1 left on base; Bismarck 1 - Moose Jaw 2
TOP OF THE 3RD
Bismarck Barons batting - Pitching for Moose Jaw Ghostbusters : RHP Ernesto Mendoza
Batting: RHB Pedro García 0-0: Called Strike
0-1: Fly out, F8 (Flyball, 8RM)
Batting: RHB Gary Roberts 0-0: Ground out 6-3 (Groundball, 6)
Batting: RHB Felipe Domínguez 0-0: Called Strike
0-1: Foul Ball, location: 2F
0-2: Ball
1-2: SINGLE (Line Drive, 6)
Batting: LHB Paul Lee 0-0: Called Strike
0-1: Ball
Felipe Domínguez steals 2nd base
1-1: Ball
2-1: Fly out, F5 (Popup, 5)
Top of the 3rd over - 0 runs, 1 hit, 0 errors, 1 left on base; Bismarck 1 - Moose Jaw 2
BOTTOM OF THE 3RD
Moose Jaw Ghostbusters batting - Pitching for Bismarck Barons : RHP Orsino Ortíz
Batting: RHB Bob Cole 0-0: Foul Ball, location: 2F
0-1: SINGLE (Groundball, 56D)
Batting: RHB José Maldonado 0-0: Called Strike
0-1: Fly out, F7 (Flyball, 7D)
Batting: SHB Rafael Acosta 0-0: Ball
1-0: Ball
2-0: Called Strike
2-1: Foul Ball, location: 2F
2-2: Ball
3-2: Strikes out swinging
Batting: RHB Preston Manning 0-0: Fly out, F6 (Line Drive, 56D)
Bottom of the 3rd over - 0 runs, 1 hit, 0 errors, 1 left on base; Bismarck 1 - Moose Jaw 2
TOP OF THE 4TH
Bismarck Barons batting - Pitching for Moose Jaw Ghostbusters : RHP Ernesto Mendoza
Batting: RHB Juan Martínez 0-0: Ball
1-0: SINGLE (Groundball, 6S) (infield hit)
Batting: RHB Carlos García 0-0: Swinging Strike
0-1: Ball
1-1: Foul Ball, location: 2F
1-2: Strikes out swinging
Batting: RHB Jonathan Reynolds 0-0: Ground out 3-1 (Groundball, 34S)
Juan Martínez to second
Batting: LHB Lorenzo Vargas 0-0: Foul Ball, location: 2F
0-1: Swinging Strike
0-2: Ball
1-2: Ball
2-2: Foul Ball, location: 2F
2-2: Ball
3-2: SINGLE (Groundball, 4MD)
Juan Martínez to third
Juan Martínez scores
Batting: RHB Júlio Pinto 0-0: Called Strike
0-1: Ball
1-1: Called Strike
1-2: Fielders Choice at 2nd, 6-4 (Groundball, 6)
Top of the 4th over - 1 run, 2 hits, 0 errors, 1 left on base; Bismarck 2 - Moose Jaw 2
BOTTOM OF THE 4TH
Moose Jaw Ghostbusters batting - Pitching for Bismarck Barons : RHP Orsino Ortíz
Batting: LHB Darren Holland 0-0: Ball
1-0: Called Strike
1-1: Ball
2-1: Foul Ball, location: 2F
2-2: Fly out, F7 (Flyball, 8LS)
Batting: RHB Scott McGuire 0-0: Called Strike
0-1: Swinging Strike
0-2: Strikes out swinging
Batting: RHB Ed Jackson 0-0: Foul Ball, location: 2F
0-1: Ball
1-1: Called Strike
1-2: Ground out 4-3 (Groundball, 4)
Bottom of the 4th over - 0 runs, 0 hits, 0 errors, 0 left on base; Bismarck 2 - Moose Jaw 2
TOP OF THE 5TH
Bismarck Barons batting - Pitching for Moose Jaw Ghostbusters : RHP Ernesto Mendoza
Batting: RHB Pedro García 0-0: Fly out, F9 (Flyball, 9)
Batting: RHB Gary Roberts 0-0: Ball
1-0: Ground out 6-3 (Groundball, 6)
Batting: RHB Felipe Domínguez 0-0: Foul Ball, location: 2F
0-1: Ball
1-1: Ball
2-1: Ball
3-1: Swinging Strike
3-2: Strikes out swinging
Top of the 5th over - 0 runs, 0 hits, 0 errors, 0 left on base; Bismarck 2 - Moose Jaw 2
BOTTOM OF THE 5TH
Moose Jaw Ghostbusters batting - Pitching for Bismarck Barons : RHP Orsino Ortíz
Batting: RHB Andrew Weatherly 0-0: Ground out 5-3 (Groundball, 56)
Batting: SHB Lonnie Washington 0-0: Foul Ball, location: 2F
0-1: Ball
1-1: Foul Ball, location: 2F
1-2: Ball
2-2: Strikes out swinging
Batting: RHB Bob Cole 0-0: Fly out, F8 (Flyball, 78D)
Bottom of the 5th over - 0 runs, 0 hits, 0 errors, 0 left on base; Bismarck 2 - Moose Jaw 2
TOP OF THE 6TH
Bismarck Barons batting - Pitching for Moose Jaw Ghostbusters : RHP Ernesto Mendoza
Batting: LHB Paul Lee 0-0: Ball
1-0: Ground out 4-3 (Groundball, 4M)
Batting: RHB Juan Martínez 0-0: Swinging Strike
0-1: Ball
1-1: Ball
2-1: Foul Ball, location: 2F
2-2: Strikes out swinging
Batting: RHB Carlos García 0-0: Ground out 5-3 (Groundball, 5L)
Top of the 6th over - 0 runs, 0 hits, 0 errors, 0 left on base; Bismarck 2 - Moose Jaw 2
BOTTOM OF THE 6TH
Moose Jaw Ghostbusters batting - Pitching for Bismarck Barons : RHP Orsino Ortíz
Batting: RHB José Maldonado 0-0: Ball
1-0: Ball
2-0: Ball
3-0: Base on Balls
Pitching: RHP Alex Hicks
Batting: SHB Rafael Acosta 0-0: Called Strike
0-1: Called Strike
0-2: Strikes out looking
Batting: RHB Preston Manning 0-0: Ball
1-0: Swinging Strike
1-1: Ball
2-1: Foul Ball, location: 2F
2-2: Strikes out swinging
Batting: LHB Darren Holland 0-0: Foul Ball, location: 2F
0-1: Ball
1-1: Ball
2-1: Ball
3-1: Base on Balls
José Maldonado to second
Batting: RHB Scott McGuire 0-0: Foul Ball, location: 2F
0-1: Ground out 4-3 (Groundball, 4)
Bottom of the 6th over - 0 runs, 0 hits, 0 errors, 2 left on base; Bismarck 2 - Moose Jaw 2
TOP OF THE 7TH
Bismarck Barons batting - Pitching for Moose Jaw Ghostbusters : RHP Ernesto Mendoza
Pinch Hitting: LHB Corey MacGregor 0-0: Ball
1-0: Foul Ball, location: 2F
1-1: DOUBLE (Groundball, 3L)
Batting: LHB Lorenzo Vargas 0-0: Ball
1-0: Ball
2-0: Called Strike
2-1: SINGLE (Groundball, 34D)
Corey MacGregor to third
Pinch Hitting: RHB Luis Cherena 0-0: Foul Ball, location: 2F
0-1: Swinging Strike
0-2: Ball
1-2: Strikes out swinging
Pinch Hitting: RHB Terry Perkins 0-0: Ball
1-0: Ball
2-0: Called Strike
2-1: Called Strike
2-2: Ball
3-2: SINGLE (Line Drive, 89S)
Corey MacGregor scores
Lorenzo Vargas to second
Batting: RHB Gary Roberts 0-0: Foul Ball, location: 2F
0-1: Fly out, F4 (Line Drive, 34D)
Pinch Hitting: RHB Eric Black 0-0: Fly out, F8 (Flyball, 8LD)
Top of the 7th over - 1 run, 3 hits, 0 errors, 2 left on base; Bismarck 3 - Moose Jaw 2
BOTTOM OF THE 7TH
Moose Jaw Ghostbusters batting - Pitching for Bismarck Barons : RHP Alex Hicks
Now at 3B: Jonathan Jackson
Now at SS: Eric Black
Now in LF: Luis Cherena
Now in RF: Corey MacGregor
Batting: RHB Ed Jackson 0-0: Called Strike
0-1: SINGLE (Line Drive, 56)
Pinch Hitting: LHB John Stone 0-0: Bunt missed!
0-1: Bunted foul
0-2: Ball
1-2: Ball
2-2: Ball
3-2: Base on Balls
Ed Jackson to second
Batting: SHB Lonnie Washington 0-0: Ball
1-0: Ball
2-0: Ball
3-0: Base on Balls
Ed Jackson to third
John Stone to second
Batting: RHB Bob Cole 0-0: Ball
1-0: DOUBLE (Flyball, 78D)
Ed Jackson scores
John Stone scores
Lonnie Washington to third
Runner from 3rd tries for Home, SAFE, no throw
Pitching: RHP Alfonso Villa
Batting: RHB José Maldonado 0-0: Ball
1-0: Ball
2-0: Fly out, F3 (Popup, 23F)
Batting: SHB Rafael Acosta 0-0: Intentional Walk
Pinch Hitting: RHB Johnny MacNamara 0-0: Ball
1-0: Foul Ball, location: 2F
1-1: Foul Ball, location: 2F
1-2: Ball
2-2: SINGLE (Groundball, 6D)
Bob Cole to third
Rafael Acosta to second
Runner from 3rd tries for Home, SAFE, throw made home
Batting: LHB Darren Holland 0-0: Called Strike
0-1: Ball
1-1: Ball
2-1: Foul Ball, location: 2F
2-2: Foul Ball, location: 2F
2-2: Strikes out swinging
Batting: RHB Scott McGuire 0-0: Ball
1-0: Called Strike
1-1: Ball
2-1: Ground out 5-3 (Groundball, 56S)
Bottom of the 7th over - 4 runs, 3 hits, 0 errors, 2 left on base; Bismarck 3 - Moose Jaw 6
TOP OF THE 8TH
Bismarck Barons batting - Pitching for Moose Jaw Ghostbusters : RHP Ernesto Mendoza
Now at 3B: Johnny MacNamara
Now in CF: John Stone
Batting: LHB Paul Lee 0-0: Swinging Strike
0-1: Fly out, F8 (Flyball, 8RS)
Batting: RHB Juan Martínez 0-0: Ball
1-0: Ball
2-0: SINGLE (Line Drive, 34D)
Batting: RHB Carlos García 0-0: Ball
Wild Pitch!
Juan Martínez to second
1-0: Foul Ball, location: 2F
1-1: Ground out U3 (Groundball, 34S)
Juan Martínez to third
Batting: LHB Corey MacGregor 0-0: Called Strike
0-1: SINGLE (Groundball, 56D)
Juan Martínez scores
Batting: LHB Lorenzo Vargas 0-0: Called Strike
0-1: Ball
1-1: Fly out, F9 (Flyball, 9D)
Top of the 8th over - 1 run, 2 hits, 0 errors, 1 left on base; Bismarck 4 - Moose Jaw 6
BOTTOM OF THE 8TH
Moose Jaw Ghostbusters batting - Pitching for Bismarck Barons : RHP Alfonso Villa
Batting: RHB Ed Jackson 0-0: Called Strike
0-1: Called Strike
0-2: Ball
1-2: Ball
2-2: Ground out 6-3 (Groundball, 6)
Batting: LHB John Stone 0-0: Ball
1-0: Ball
2-0: Called Strike
2-1: Ball
3-1: Base on Balls
Batting: SHB Lonnie Washington 0-0: Ball
1-0: Ball
2-0: Called Strike
2-1: Ball
3-1: Ground out 3-1 (Groundball, 34S)
John Stone to second
Batting: RHB Bob Cole 0-0: Ball
1-0: Called Strike
1-1: Reached on error, E6 (Groundball, 6M)
John Stone scores
Batting: RHB José Maldonado 0-0: Ball
1-0: Ball
2-0: Ball
3-0: Called Strike
3-1: Base on Balls
Batting: SHB Rafael Acosta 0-0: Ball
1-0: Swinging Strike
1-1: Ball
2-1: Ball
3-1: Base on Balls
Bob Cole to third
José Maldonado to second
Pinch Hitting: LHB Tony Beck 0-0: Ball
1-0: Ball
2-0: Ball
3-0: Base on Balls
Bob Cole scores
José Maldonado to third
Rafael Acosta to second
Batting: LHB Darren Holland 0-0: Ball
1-0: Fly out, F9 (Line Drive, 9D)
Bottom of the 8th over - 2 runs, 0 hits, 1 error, 3 left on base; Bismarck 4 - Moose Jaw 8
TOP OF THE 9TH
Bismarck Barons batting - Pitching for Moose Jaw Ghostbusters : RHP Ernesto Mendoza
Now at 3B: Aaron Murray
Batting: RHB Luis Cherena 0-0: Called Strike
0-1: Ball
1-1: Ball
2-1: Ball
3-1: Foul Ball, location: 2F
3-2: Fly out, F1 (Line Drive, 13)
Pitching: RHP José Orozco
Batting: RHB Jonathan Jackson 0-0: Ball
1-0: Called Strike
1-1: Ball
2-1: Foul Ball, location: 2F
2-2: Strikes out swinging
Batting: RHB Gary Roberts 0-0: Ball
1-0: SINGLE (Groundball, 4MD)
Pitching: LHP Colton Elías
Batting: RHB Eric Black 0-0: Called Strike
0-1: Ball
1-1: Called Strike
1-2: Ball
2-2: Ball
3-2: Foul Ball, location: 2F
3-2: Strikes out swinging
Top of the 9th over - 0 runs, 1 hit, 0 errors, 1 left on base; Bismarck 4 - Moose Jaw 8
Saturday, April 7th, 2018 - OOTP Baseball 18.8 Build 76